 Dungeon Crawl Stone Soup version 0.30.1-3-gfc49f6343a (webtiles) character file.

Game seed: 14166718629332283139

518 Anriel the Ducker (level 7, -3/55 HPs)
             Began as a Human Monk on July 25, 2023.
             Slain by a goblin
             ... wielding a +0 dagger
              (4 damage)
             ... on level 4 of the Dungeon.
             The game lasted 00:16:30 (2643 turns).

Anriel the Ducker (Human Monk)                      Turns: 2643, Time: 00:16:31

Health: -3/55      AC: -4    Str: 11    XL:     7   Next: 45%
Magic:  9/9        EV: 14    Int: 11    God:
Gold:   164        SH:  0    Dex: 17    Spells: 7/9 levels left

rFire   . . .        j - +2 dagger (speed)
rCold   . . .        d - orb {light}
rNeg    . . .        k - +0 robe
rPois   .            (no helmet)
rElec   .            q - +0 cloak
rCorr   .            (no gloves)
SInv    .            (no boots)
Will    .....        (no amulet)
Stlth   +            (no ring)
HPRegen 0.29/turn    (no ring)
MPRegen 0.11/turn

%: no passive effects
@: confused, mighty, corroded, glowing
A: no striking features
a: no special abilities


You were on level 4 of the Dungeon.
You visited 1 branch of the dungeon, and saw 4 of its levels.

You collected 164 gold pieces.

Inventory:

Hand Weapons
 a - a +0 short sword
 j - a +2 dagger of speed (weapon)
Missiles
 i - 6 boomerangs (quivered)
 n - 3 javelins
Armour
 d - an orb of light (worn)
 k - a +0 robe (worn)
 q - a +0 cloak (worn)
Scrolls
 b - a scroll of teleportation
 l - 2 scrolls of vulnerability
 m - 2 scrolls of immolation
Potions
 c - a potion of ambrosia
 e - a potion of might
 f - 2 potions of flight
 g - a potion of haste {unknown}
 h - a potion of berserk rage {unknown}
 o - 2 potions of curing {unknown}
 p - a potion of degeneration {unknown}


   Skills:
 * Level 4.6 Fighting
 - Level 5.0 Short Blades
 - Level 1.0 Armour
 - Level 5.0 Dodging
 * Level 1.8 Spellcasting
 + Level 0.4 Hexes


You had 7 spell levels left.
You knew the following spells:

 Your Spells              Type           Power      Damage    Failure   Level
a - Ensorcelled Hibernat  Hex/Ice        2%         N/A       38%         2

Your spell library contained the following spells:

 Spells                   Type           Power      Damage    Failure   Level
 Passwall                 Tmut/Erth      0%         N/A       41%         2
 Poisonous Vapours        Pois/Air       0%         N/A       41%         2
 Tukima's Dance           Hex            1%         N/A       58%         3
 Mephitic Cloud           Conj/Pois/Air  0%         N/A       65%         3
 Swiftness                Air            0%         N/A       65%         3
 Passage of Golubria      Tloc           0%         N/A       96%         4
 Freezing Cloud           Conj/Ice/Air   0%         6-21      100%        5
 Yara's Violent Unravell  Hex/Tmut       0%         3d3       100%        5


Dungeon Overview and Level Annotations

Branches:
Dungeon (4/15)
 Temple: D:4-7

Altars:


Message History

The orc wizard attacks as you move away!
The orc wizard hits you with a +0 dagger.
The orc wizard casts a spell.
The orc wizard flickers and vanishes for a moment.
The goblin hits you with a +0 dagger.
You are more confused.
You feel invigorated. The jelly misses you.
The goblin hits you with a +0 dagger.
The orc wizard hits you with a +0 dagger.
The jelly misses you. The goblin barely misses you.
The orc wizard points at you and mumbles some strange words.
You are more confused.
The jelly barely misses you. The goblin misses you.
The orc wizard hits you with a +0 dagger.
The jelly barely misses you. The goblin completely misses you.
You feel less invigorated.
The orc wizard hits you with a +0 dagger.
The jelly barely misses you. The goblin hits you with a +0 dagger.
The orc wizard hits you with a +0 dagger.
The jelly misses you. The goblin misses you. The orc wizard barely misses you.
The jelly barely misses you. The goblin hits you with a +0 dagger.
The orc wizard hits you with a +0 dagger.
The jelly misses you. The goblin barely misses you.
The orc wizard closely misses you. The jelly misses you.
The goblin closely misses you.
The orc wizard hits you with a +0 dagger.
* * * LOW HITPOINT WARNING * * *
The jelly hits you.
* * * LOW HITPOINT WARNING * * *
You are splashed with acid!
* * * LOW HITPOINT WARNING * * *
The goblin hits you with a +0 dagger.
* * * LOW HITPOINT WARNING * * *
Okay, then.
You are too confused!
You are too confused!
You bump into the rock wall.
The orc wizard barely misses you. The jelly misses you.
The goblin hits you with a +0 dagger.
You die...

.#.##)..### .###...#
#.##.....#. ##.#...
#.#.#...#...#...# # .
#.#####...#...##### ..#
.
#.#...#...#...#...#...#
##.....#.###.#.....#
##)..###...###)..## .
##.###.#.....#.###.#
.##...#...#...#.@.# .#
#.#...#...#####Jgo#
#.#...#...#...#.).#
#.##.###.#.....#)##
#.###...###...###.oo#
#.##.....#.###.# ....#
....#...#..(# [#...#o..
##..#####...# ##### ..
##.# #...#


You could see a jelly, an orc wizard (invisible) and a goblin.

Vanquished Creatures
  Grinder (D:3)
  A black bear (D:4)
  2 orc priests
  An orc wizard (D:4)
  A gnoll (D:1)
  6 adders
  4 worms
  3 dart slugs
  4 orcs
  5 ball pythons
  9 endoplasms (D:1)
  2 giant cockroaches
  5 goblins
  5 hobgoblins
  3 jackals (D:2)
  2 quokkas (D:2)
  5 bats
  5 frilled lizards
  9 kobolds
  4 rats
77 creatures vanquished.

Notes
Turn   | Place    | Note
-------+----------+-------------------------------------------
     0 | D:1      | Anriel the Human Monk began the quest for the Orb.
     0 | D:1      | Reached XP level 1. HP: 18/18 MP: 1/1
    85 | D:1      | Reached XP level 2. HP: 22/24 MP: 2/2
   307 | D:1      | Reached XP level 3. HP: 29/29 MP: 3/3
   894 | D:2      | Reached XP level 4. HP: 35/35 MP: 4/4
  1124 | D:2      | Reached XP level 5. HP: 18/41 MP: 5/5
  1665 | D:3      | Noticed Grinder
  1686 | D:3      | Paralysed by Grinder for 3 turns
  1738 | D:3      | Paralysed by Grinder for 4 turns
  1745 | D:3      | Paralysed by Grinder for 3 turns
  1754 | D:3      | Paralysed by Grinder for 4 turns
  1763 | D:3      | Paralysed by Grinder for 3 turns
  1774 | D:3      | Killed Grinder
  1775 | D:3      | Reached skill level 5 in Short Blades
  1775 | D:3      | Reached skill level 5 in Dodging
  1775 | D:3      | Reached XP level 6. HP: 27/48 MP: 6/6
  2172 | D:3      | Reached XP level 7. HP: 38/54 MP: 7/7
  2481 | D:4      | Reached skill level 1 in Spellcasting
  2538 | D:4      | Reached skill level 1 in Armour
  2572 | D:4      | Learned a level 2 spell: Ensorcelled Hibernation
  2642 | D:4      | HP: 1/55 [goblin/+0 dagger (4)]
  2643 | D:4      | Slain by a goblin

Illustrated notes

Levels and vault maps discovered:
D:1:      dpeg_arrival_lava_altar, layout_loops_cross
D:2:      layout_basic
D:3:      layout_basic, supply_closet_lemuel, minmay_misc_feat_doors,
          uniq_grinder
D:4:      nicolae_cairo_tiling, layout_loops_ring,
          chequers_serial_rivers_small_3, minmay_small_thing, uniq_ijyb

Skill      XL: |  1  2  3  4  5  6  7 |
---------------+----------------------+-----
Short Blades   | 4 5 |  5.0
Dodging        | 4 5 |  5.0
Fighting       | 4 |  4.6
Spellcasting   | 1 |  1.8
Armour         | 1 |  1.0
Hexes          | |  0.4

Action                     |  1- 3 |  4- 6 |  7- 9 || total
---------------------------+-------+-------+-------++-------
  Melee: Short sword       |    48 |       |       ||    48
         Dagger            |    51 |   151 |    59 ||   261
  Throw: Boomerang         |    24 |    52 |    13 ||    89
         Javelin           |       |     3 |       ||     3
    Use: Scroll            |     4 |     5 |     1 ||    10
         Potion            |       |     1 |     2 ||     3
   Stab: Sleeping          |       |     1 |       ||     1
         Invisible         |       |     3 |       ||     3
 Armour: Robe              |    15 |     8 |     7 ||    30
  Dodge: Dodged            |    48 |    52 |    42 ||   142
